[Event "Central-SRB chT 2018"]
[Site "Kragujevac"]
[Date "2018.09.19"]
[Round "8"]
[White "Djordjevic, Vuk"]
[Black "Dezelin, Milan"]
[Result "1-0"]
[ECO "D52"]
[WhiteElo "2404"]
[BlackElo "1985"]
[Annotator "ChessBase"]
[PlyCount "72"]
[EventDate "2018.09.14"]
[EventType "team-tourn"]
[EventCountry "SRB"]
[SourceTitle "playchess.com"]
[Source "ChessBase"]
[SourceQuality "1"]
[TimeControl "40/5400+30:1800+30"]

1. d4 Nf6 2. Bg5 d5 3. e3 e6 4. c4 c6 5. Nc3 Nbd7 6. Nf3 Qa5 7. Nd2 Bb4 8. Qc2 O-O 9. Be2 dxc4 10. Bxf6 Nxf6 11. Nxc4 Qc7 12. O-O Bd7 13. a3 Be7 14. b4 b6 15. Rab1 Nd5 16. Rfc1 Rfc8 17. e4 Nxc3 18. Qxc3 Be8 19. g3 Rd8 20. Nd2 Qd6 21. Nb3 a5 22. e5 Qd5 23. bxa5 Bxa3 24. Bc4 Qd7 25. Rd1 b5 26. Be2 Qa7 27. Ra1 Be7 28. Nc5 Bxc5 29. dxc5 Rd5 30. Rxd5 exd5 31. a6 Bd7 32. Bd3 Bc8 33. Qd4 Qe7 34. a7 Rxa7 35. Rxa7 Qxa7 36. Qh4 Qa1+ 1-0

[Event "Central-SRB chT 2018"]
[Site "Kragujevac"]
[Date "2018.09.19"]
[Round "8"]
[White "Markovic, Zoran S"]
[Black "Jesic, Dusan"]
[Result "1/2-1/2"]
[ECO "B92"]
[WhiteElo "2346"]
[BlackElo "2322"]
[Annotator "NA"]
[PlyCount "70"]
[EventDate "2018.09.14"]
[EventType "team-tourn"]
[EventCountry "SRB"]
[SourceTitle "playchess.com"]
[Source "ChessBase"]
[SourceQuality "1"]
[TimeControl "40/5400+30:1800+30"]

1. e4 c5 2. Nf3 d6 3. d4 cxd4 4. Nxd4 Nf6 5. Nc3 a6 6. Be2 e5 7. Nb3 Be6 8. f4 exf4 9. Bxf4 Nc6 10. O-O (10. Qd3 $14) 10... Be7 11. Kh1 O-O 12. Qe1 {[%emt 0:02:40] LiveBook: 87 Games} Qb6 {[%emt 0:07:45] B92: Sicilian Najdorf: 6 Be2} (12... d5 13. exd5 Nxd5 14. Rd1 Bb4 15. Bf3 Nce7 16. Be5 Bxc3 17. Bxc3 Qc7 18. Be5 Qxc2 19. Be4 Qc8 20. Qg3 {0-1 (35) Jakovenko,D (2736)-Naiditsch,A (2689) Moscow 2009}) 13. Rd1 Rfd8 14. Nd5 $146 ({Predecessor:} 14. Qg3 Ne8 15. Be3 Qc7 16. Qf2 Rdc8 17. Na4 Rab8 18. Nb6 Rd8 19. c3 Ne5 20. Nd5 Bxd5 21. Rxd5 {1-0 (37) Panarin,M (2486)-Barsamian,E (1999) Sochi 2005}) 14... Bxd5 $1 15. exd5 Ne5 16. c4 Ng6 17. Bd3 (17. Bd2 $5 ) 17... Re8 18. Be3 Qc7 19. Bd4 Nd7 20. Qg3 Nge5 {[%emt 0:07:22] [#]} 21. Bxh7+ $1 Kxh7 22. Rxf7 Bf8 23. Bxe5 Rxe5 24. Qh3+ Kg8 25. Qxd7 Qxc4 26. Qxb7 Qg4 $2 (26... Rae8 $16 27. Rff1 R8e7) 27. Rff1 $2 (27. Rf3 $18 {und der Rest ist Schweigen.} Re3 28. h3 (28. Qxa8 Rxf3 29. Rg1 Rf2 $14)) 27... Re2 28. Qf7+ Kh8 29. Qf3 (29. Rg1 $16) 29... Qxf3 30. Rxf3 Rxb2 31. a3 Rc8 32. h3 Be7 33. Nd4 Bf6 $11 34. Nf5 Rcc2 35. Ne3 Rc3 1/2-1/2

[Event "Central-SRB chT 2018"]
[Site "Kragujevac"]
[Date "2018.09.19"]
[Round "8"]
[White "Pantelic, Sasa"]
[Black "Nestorovic, Dejan"]
[Result "1/2-1/2"]
[ECO "E16"]
[WhiteElo "2294"]
[BlackElo "2340"]
[Annotator "ChessBase"]
[PlyCount "59"]
[EventDate "2018.09.14"]
[EventType "team-tourn"]
[EventCountry "SRB"]
[SourceTitle "playchess.com"]
[Source "ChessBase"]
[SourceQuality "1"]
[TimeControl "40/5400+30:1800+30"]

1. d4 Nf6 2. c4 e6 3. Nf3 Bb4+ 4. Bd2 Qe7 5. e3 O-O 6. Bd3 d5 7. O-O c5 8. Bxb4 cxb4 9. Nbd2 Nc6 10. Qc2 dxc4 11. Nxc4 Rd8 12. Nce5 Bd7 13. Nxd7 Rxd7 14. Rac1 Rc7 15. Qc5 Rac8 16. Qxe7 Nxe7 17. Rxc7 Rxc7 18. Rd1 Ned5 19. g3 Nb6 20. Nd2 Na4 21. Rb1 a6 22. Kf1 b5 23. Ke1 Kf8 24. Ne4 Nxe4 25. Bxe4 f5 26. Bd3 Ke7 27. Kd2 Kd6 28. Bc2 Nb6 29. Bd3 Na4 30. Bc2 {[%emt 0:00:19] Ke5} 1/2-1/2

[Event "Central-SRB chT 2018"]
[Site "Kragujevac"]
[Date "2018.09.20"]
[Round "9"]
[White "Radivojevic, Ivan"]
[Black "Markovic, Zoran S"]
[Result "1/2-1/2"]
[ECO "B23"]
[WhiteElo "2360"]
[BlackElo "2346"]
[Annotator "ChessBase"]
[PlyCount "33"]
[EventDate "2018.09.14"]
[EventType "team-tourn"]
[EventCountry "SRB"]
[SourceTitle "playchess.com"]
[Source "ChessBase"]
[SourceQuality "1"]
[TimeControl "40/5400+30:1800+30"]

1. e4 c5 2. Nc3 Nc6 3. f4 g6 4. Nf3 Bg7 5. Bb5 Nd4 6. O-O Nxb5 7. Nxb5 d5 8. exd5 a6 9. Nc3 Nf6 10. d4 c4 11. Qe2 Nxd5 12. Qxc4 Be6 13. Nxd5 Bxd5 14. Qe2 Rc8 15. Rf2 Bxf3 16. Rxf3 Qxd4+ 17. Kh1 1/2-1/2

[Event "Central-SRB chT 2018"]
[Site "Kragujevac"]
[Date "2018.09.20"]
[Round "9"]
[White "Adzic, Momcilo"]
[Black "Markovic, Milan D"]
[Result "0-1"]
[ECO "B23"]
[WhiteElo "2265"]
[BlackElo "2247"]
[Annotator "ChessBase"]
[PlyCount "108"]
[EventDate "2018.09.14"]
[EventType "team-tourn"]
[EventCountry "SRB"]
[SourceTitle "playchess.com"]
[Source "ChessBase"]
[SourceQuality "1"]
[TimeControl "40/5400+30:1800+30"]

1. e4 c5 2. Nc3 g6 3. g3 Bg7 4. Bg2 Nc6 5. Nge2 d6 6. O-O Nf6 7. d3 O-O 8. Be3 Ng4 9. Bf4 Nd4 10. h3 Ne5 11. Be3 Nef3+ 12. Kh1 e5 13. Ng1 Nxg1 14. Kxg1 Be6 15. f4 Qd7 16. Kh2 Rab8 17. fxe5 dxe5 18. Nd5 Bxd5 19. exd5 b6 20. Bf2 f5 21. c3 Nb5 22. Qa4 Rfd8 23. c4 Nd6 24. Qc2 Bf8 25. Rab1 Rdc8 26. Rfe1 Nf7 27. h4 Bd6 28. Bh3 h5 29. Qd2 Bf8 30. Be3 Re8 31. a3 a5 32. b3 Bd6 33. Kg2 Qc7 34. Bf2 Rb7 35. a4 Bf8 36. Be3 Bd6 37. Bf2 Qb8 38. Re2 Rbe7 39. Rbe1 Qd8 40. Be3 Rd7 41. Rf1 e4 42. Bf2 exd3 43. Qxd3 Rxe2 44. Qxe2 Re7 45. Qd2 Qe8 46. Re1 Rxe1 47. Bxe1 Qe4+ 48. Kf2 Ne5 49. Bf1 f4 50. gxf4 Ng4+ 51. Kg3 Ne3 52. Qf2 Nf5+ 53. Kh2 Bxf4+ 54. Kh3 Qh1+ 0-1